Penguins vs Lightning
(R1)
Created - October 25, 2024 at 19:39
Goals
|
| Penguins |
0 |
1 |
2 |
3 |
| Lightning |
1 |
0 |
1 |
2 |
|
Shots
|
| Penguins |
12 |
5 |
11 |
28 |
| Lightning |
14 |
6 |
13 |
33 |
|
1st period
1. Lightning , Rasmus Ristolainen 3 (Alexander Kerfoot 3, Lawson Crouse 3) at 8:12 (PP)
Penalties :
Nick Leddy (Pit) for Holding (Minor) at 8:03, Anthony Beauvillier (T.B) for Interference (Minor) at 10:34, John Marino (Pit) for Roughing (Minor) at 18:07
2nd period
2. Penguins , Brandon Tanev 1 (Keith Aulie 1) at 11:05
Penalties :
Keith Aulie (Pit) for Slashing (Minor) at 12:22, Marcus Foligno (Pit) for Roughing (Minor) at 16:37
3rd period
3. Penguins , Sebastian Aho 1 (Oscar Klefbom 1, Mark Scheifele 1) at 0:28
4. Penguins , Sebastian Aho 2 (Oscar Klefbom 2, Gavin Bayreuther 4) at 0:58 (PP)
5. Lightning , Alexander Kerfoot 3 (John Carlson 1, Jonathan Drouin 1) at 11:35
Penalties :
Alexander Kerfoot (T.B) for Hooking (Minor) at 0:45, Roope Hintz (Pit) for Tripping (Minor) at 2:28, Ben Hutton (T.B) for Tripping (Minor) at 7:46, Mark Scheifele (Pit) for Interference (Minor) at 14:21
Goalie Stats
Jeremy Swayman (Pit), 31 saves from 33 shots - (0.939), W, 1-0-0, 60:00 minutes
Alex Nedeljkovic (T.B), 25 saves from 28 shots - (0.893), L, 2-1-0, 59:03 minutes
Players Stats for Penguins
Player Name G A P +/- PIM S H SB GA TA FO MP PP MP PK MP
------------------------------------------------------------------------------------
Aaron Ekblad 0 0 0 -1 0 0 2 1 0 1 0/0 21:37 1:52 4:33
Brandon Tanev 1 0 1 1 0 1 3 0 1 0 0/0 8:28 0:00 2:03
Elias Lindholm 0 0 0 0 0 2 1 0 0 0 7/12 16:20 1:52 2:44
Evan Rodrigues 0 0 0 1 0 0 1 0 0 0 0/1 6:25 0:00 0:00
Gavin Bayreuther 0 1 1 -1 0 0 2 2 1 0 0/0 17:42 2:19 0:00
Iven Barbashev 0 0 0 1 0 0 0 0 0 0 0/0 10:58 0:00 2:54
John Marino 0 0 0 1 2 0 0 1 0 0 0/0 12:39 0:00 0:57
Keith Aulie 0 1 1 1 2 0 0 0 0 0 0/0 17:12 0:00 4:34
Marcus Foligno 0 0 0 -1 2 4 0 1 0 0 0/0 16:45 0:00 4:30
Mark Scheifele 0 1 1 1 2 5 0 0 1 0 5/9 21:54 2:19 4:38
Mathew Barzal 0 0 0 0 0 1 0 0 0 1 0/0 13:36 1:52 0:00
Nick Leddy 0 0 0 1 2 2 0 3 0 0 0/0 23:52 1:52 4:28
Oscar Klefbom 0 2 2 1 0 3 1 1 0 1 0/0 27:14 2:19 5:36
Pavel Buchnevich 0 0 0 1 0 2 1 0 1 0 0/2 16:37 2:19 0:37
Pavel Zacha 0 0 0 0 0 1 1 0 0 0 0/1 13:56 1:52 0:00
Roope Hintz 0 0 0 -1 2 1 1 0 0 0 2/4 13:00 0:00 0:39
Sebastian Aho 2 0 2 1 0 5 2 0 0 0 13/24 17:11 2:19 0:00
Tom Wilson 0 0 0 -1 0 1 0 2 0 1 0/0 14:24 0:00 2:03
Players Stats for Lightning
Player Name G A P +/- PIM S H SB GA TA FO MP PP MP PK MP
------------------------------------------------------------------------------------
Alex DeBrincat 0 0 0 0 0 1 1 0 0 0 0/1 17:29 5:45 0:00
Alexander Kerfoot 1 1 2 0 2 6 2 0 1 0 18/33 22:37 5:46 1:59
Anthony Beauvillier 0 0 0 -1 2 1 1 2 0 0 0/1 11:39 0:05 0:00
Ben Hutton 0 0 0 0 2 0 0 1 0 1 0/0 11:57 0:00 0:00
Brandon Hagel 0 0 0 -1 0 1 1 0 0 0 0/0 11:47 0:05 0:01
Dalton Thrower 0 0 0 0 0 0 0 0 0 0 0/0 11:52 0:00 0:00
Daultan Leveillé 0 0 0 0 0 1 1 0 0 1 3/3 9:23 0:00 1:31
Jack Roslovic 0 0 0 0 0 6 0 1 0 0 0/1 15:53 4:14 0:00
Jesper Fast 0 0 0 0 0 4 0 0 0 1 0/0 8:54 0:04 0:00
John Carlson 0 1 1 0 0 1 1 1 0 0 0/0 20:49 4:05 1:34
Jonathan Drouin 0 1 1 0 0 1 1 0 2 0 1/2 19:59 4:14 1:04
Lawson Crouse 0 1 1 0 0 7 1 1 0 0 0/0 22:50 5:45 2:19
Logan Couture 0 0 0 0 0 0 0 0 0 0 3/9 11:27 0:00 0:00
Michael Kostka 0 0 0 -1 0 2 1 2 0 1 0/0 25:52 5:59 2:37
Nico Hischier 0 0 0 -1 0 0 3 1 0 0 1/3 15:17 4:14 0:41
Rasmus Ristolainen 1 0 1 -1 0 2 3 1 1 0 0/0 27:19 5:59 2:37
Shayne Gostisbehere 0 0 0 0 0 0 1 2 0 0 0/0 22:16 4:05 1:34
Teemu Hartikainen 0 0 0 0 0 0 0 1 0 0 0/0 8:26 0:00 0:47
3 Stars
1 - Sebastian Aho (Pit)
2 - Brandon Tanev (Pit)
3 - Oscar Klefbom (Pit)
Power Play
Penguins - 1 on 3 Attempt(s) - 33.33%
Lightning - 1 on 6 Attempt(s) - 16.67%
Penalty Kill
Penguins - 5 on 6 Attempt(s) - 83.33%
- Score 0 goal in Penalty Kill
Lightning - 2 on 3 Attempt(s) - 66.67%
- Score 0 goal in Penalty Kill
Team Stat
Penguins - Hits : 15 - Faceoff Wins : 27 - Blocked Shots : 11 - Penalty Minutes : 12
Lightning - Hits : 17 - Faceoff Wins : 26 - Blocked Shots : 13 - Penalty Minutes : 6
Official
Referees : Chris Lee and Jon McIsaac
Linesman : Mark Shewchyk and Greg Devorski
Game Notes
No Game Note
Finance
Level 1 -- Attendance: 5857 (97.62%) -- Ticket Income $585,700
Level 2 -- Attendance: 4890 (97.80%) -- Ticket Income $342,300
Level 3 -- Attendance: 1940 (97.00%) -- Ticket Income $77,600
Level 4 -- Attendance: 3573 (89.33%) -- Ticket Income $107,190
Luxury Box -- Attendance: 980 (98.00%) -- Ticket Income $196,000
Game was played at the Amalie Arena.
Total Attendance: 17240 (95.78%)
Total Ticket Income: $1,308,790
Other Income: $196,318
Total Income: $1,505,108
Penguins
5 vs 5 Forward
Center Left Wing Right Wing Time % Phy DF OF
1 Sebastian Aho Pavel Buchnevich Mark Scheifele 40 1 2 2
2 Elias Lindholm Pavel Zacha Mathew Barzal 30 1 2 2
3 Roope Hintz Marcus Foligno Tom Wilson 20 1 2 2
4 Evan Rodrigues Iven Barbashev Brandon Tanev 10 1 2 2
5 vs 5 Defense
Defense Defense Time % Phy DF OF
1 Oscar Klefbom Nick Leddy 45 1 2 2
2 Aaron Ekblad Gavin Bayreuther 35 1 2 2
3 Keith Aulie John Marino 20 1 2 2
4 Oscar Klefbom Nick Leddy 0 1 2 2
PowerPlay Forward
Center Left Wing Right Wing Time % Phy DF OF
1 Sebastian Aho Pavel Buchnevich Mark Scheifele 60 0 2 3
2 Elias Lindholm Pavel Zacha Mathew Barzal 40 0 2 3
PowerPlay Defense
Defense Defense Time % Phy DF OF
1 Oscar Klefbom Gavin Bayreuther 60 0 2 3
2 Aaron Ekblad Nick Leddy 40 0 2 3
Penalty Kill 4 Players Forward
Center Wing Time % Phy DF OF
1 Mark Scheifele Marcus Foligno 60 1 3 1
2 Tom Wilson Brandon Tanev 40 1 3 1
Penalty Kill 4 Players Defense
Defense Defense Time % Phy DF OF
1 Oscar Klefbom Keith Aulie 60 1 2 2
2 Aaron Ekblad Nick Leddy 40 1 2 2
Penalty Kill - 3 Players Forward
Forward Time % Phy DF OF
1 Marcus Foligno 60 1 2 2
2 Tom Wilson 40 1 2 2
Penalty Kill - 3 Players Defense
Defense Defense Time % Phy DF OF
1 Oscar Klefbom Keith Aulie 60 1 2 2
2 Aaron Ekblad Nick Leddy 40 1 2 2
4 vs 4 Forward
Center Wing Time % Phy DF OF
1 Sebastian Aho Mark Scheifele 60 1 2 2
2 Elias Lindholm Mathew Barzal 40 1 2 2
4 vs 4 Defense
Defense Defense Time % Phy DF OF
1 Oscar Klefbom Nick Leddy 50 1 2 2
2 Aaron Ekblad Gavin Bayreuther 50 1 2 2
Last Minutes Offensive
Center Left Wing Right Wing Defense Defense
Sebastian Aho Pavel Buchnevich Mark Scheifele Oscar Klefbom Aaron Ekblad
Last Minutes Defensive
Center Left Wing Right Wing Defense Defense
Roope Hintz Marcus Foligno Tom Wilson Oscar Klefbom Keith Aulie
Goaltenders
Starting : Jeremy Swayman
Backup : James Reimer
Extra Forwards
Normal : Mark Scheifele, Pavel Zacha, Tom Wilson - PP : Mark Scheifele, Pavel Zacha - PK : Marcus Foligno
Extra Defensemen
Normal : Oscar Klefbom, Aaron Ekblad, Keith Aulie - PP : Aaron Ekblad - PK : Oscar Klefbom, Keith Aulie
Penalty Shots
Mark Scheifele, Sebastian Aho, Pavel Buchnevich, Pavel Zacha, Elias Lindholm
Custom OT Lines Forwards
Mark Scheifele, Sebastian Aho, Pavel Buchnevich, Pavel Zacha, Elias Lindholm, Mathew Barzal, Marcus Foligno, Roope Hintz, Tom Wilson, Iven Barbashev
Custom OT Lines Defensemen
Aaron Ekblad, Oscar Klefbom, Keith Aulie, Nick Leddy, Gavin Bayreuther
Scratches
None
Lightning
5 vs 5 Forward
Center Left Wing Right Wing Time % Phy DF OF
1 Alexander Kerfoot Jonathan Drouin Lawson Crouse 40 1 2 2
2 Logan Couture Alex DeBrincat Jack Roslovic 30 1 2 2
3 Nico Hischier Brandon Hagel Anthony Beauvillier 25 1 2 2
4 Daultan Leveillé Teemu Hartikainen Jesper Fast 5 1 2 2
5 vs 5 Defense
Defense Defense Time % Phy DF OF
1 Rasmus Ristolainen Michael Kostka 40 1 2 2
2 John Carlson Shayne Gostisbehere 30 1 2 2
3 Ben Hutton Dalton Thrower 20 1 2 2
4 Rasmus Ristolainen Shayne Gostisbehere 10 1 2 2
PowerPlay Forward
Center Left Wing Right Wing Time % Phy DF OF
1 Alexander Kerfoot Alex DeBrincat Lawson Crouse 60 1 2 2
2 Nico Hischier Jonathan Drouin Jack Roslovic 40 1 2 2
PowerPlay Defense
Defense Defense Time % Phy DF OF
1 Rasmus Ristolainen Michael Kostka 60 1 2 2
2 John Carlson Shayne Gostisbehere 40 1 2 2
Penalty Kill 4 Players Forward
Center Wing Time % Phy DF OF
1 Alexander Kerfoot Lawson Crouse 60 1 2 2
2 Daultan Leveillé Teemu Hartikainen 40 1 2 2
Penalty Kill 4 Players Defense
Defense Defense Time % Phy DF OF
1 Rasmus Ristolainen Michael Kostka 60 1 2 2
2 John Carlson Shayne Gostisbehere 40 1 2 2
Penalty Kill - 3 Players Forward
Forward Time % Phy DF OF
1 Logan Couture 60 1 2 2
2 Daultan Leveillé 40 1 2 2
Penalty Kill - 3 Players Defense
Defense Defense Time % Phy DF OF
1 Rasmus Ristolainen Michael Kostka 60 1 2 2
2 John Carlson Shayne Gostisbehere 40 1 2 2
4 vs 4 Forward
Center Wing Time % Phy DF OF
1 Alexander Kerfoot Lawson Crouse 60 1 2 2
2 Logan Couture Jack Roslovic 40 1 2 2
4 vs 4 Defense
Defense Defense Time % Phy DF OF
1 Rasmus Ristolainen Michael Kostka 60 1 2 2
2 John Carlson Shayne Gostisbehere 40 1 2 2
Last Minutes Offensive
Center Left Wing Right Wing Defense Defense
Alexander Kerfoot Jonathan Drouin Lawson Crouse Rasmus Ristolainen Michael Kostka
Last Minutes Defensive
Center Left Wing Right Wing Defense Defense
Alexander Kerfoot Jonathan Drouin Lawson Crouse Rasmus Ristolainen Michael Kostka
Goaltenders
Starting : Alex Nedeljkovic
Backup : Anton Forsberg
Extra Forwards
Normal : Nico Hischier, Jesper Fast, Daultan Leveillé - PP : Anthony Beauvillier, Brandon Hagel - PK : Daultan Leveillé
Extra Defensemen
Normal : Ben Hutton, Dalton Thrower, John Carlson - PP : Ben Hutton - PK : Dalton Thrower, John Carlson
Penalty Shots
Alexander Kerfoot, Lawson Crouse, Jack Roslovic, Jonathan Drouin, Logan Couture
Custom OT Lines Forwards
Alexander Kerfoot, Lawson Crouse, Jack Roslovic, Jonathan Drouin, Nico Hischier, Alex DeBrincat, Logan Couture, Brandon Hagel, Anthony Beauvillier, Teemu Hartikainen
Custom OT Lines Defensemen
Rasmus Ristolainen, Michael Kostka, John Carlson, Shayne Gostisbehere, Ben Hutton
Scratches
Brendan Perlini (Healthy), Miro Heiskanen (Sprained Right Knee Injury)
% Time on Ice - Penguins
Lines # - Real PCT - Wanted PCT - Time Play
Normal Forward
1 - 35% - 40% - 15:39
2 - 26% - 30% - 11:47
3 - 24% - 20% - 10:43
4 - 14% - 10% - 6:25
Normal Defense
1 - 38% - 45% - 17:08
2 - 36% - 35% - 15:57
3 - 21% - 20% - 9:26
4 - 5% - 0% - 2:03
PP Forward
1 - 55% - 60% - 2:19
2 - 45% - 40% - 1:52
PP Defense
1 - 55% - 60% - 2:19
2 - 45% - 40% - 1:52
PK Forward
1 - 80% - 60% - 8:01
2 - 20% - 40% - 2:03
PK Defense
1 - 65% - 60% - 6:33
2 - 35% - 40% - 3:31
PK3 Forward
1 - 0% - 60%
2 - 0% - 40%
PK3 Defense
1 - 0% - 60%
2 - 0% - 40%
44 Forward
1 - 0% - 60%
2 - 0% - 40%
44 Defense
1 - 0% - 50%
2 - 0% - 50%
Last Minute Offensive - 0:00
Last Minute Defensive - 1:11
Total
Forward - 60:00
Defense - 60:00
|
% Time on Ice - Lightning
Lines # - Real PCT - Wanted PCT - Time Play
Normal Forward
1 - 34% - 40% - 14:56
2 - 26% - 30% - 11:39
3 - 23% - 25% - 10:17
4 - 17% - 5% - 7:39
Normal Defense
1 - 39% - 40% - 17:12
2 - 31% - 30% - 14:00
3 - 27% - 20% - 11:52
4 - 3% - 10% - 1:27
PP Forward
1 - 58% - 60% - 5:50
2 - 42% - 40% - 4:14
PP Defense
1 - 59% - 60% - 5:59
2 - 41% - 40% - 4:05
PK Forward
1 - 81% - 60% - 3:24
2 - 19% - 40% - 0:47
PK Defense
1 - 63% - 60% - 2:37
2 - 37% - 40% - 1:34
PK3 Forward
1 - 0% - 60%
2 - 0% - 40%
PK3 Defense
1 - 0% - 60%
2 - 0% - 40%
44 Forward
1 - 0% - 60%
2 - 0% - 40%
44 Defense
1 - 0% - 60%
2 - 0% - 40%
Last Minute Offensive - 1:14
Last Minute Defensive - 0:00
Total
Forward - 60:00
Defense - 60:00
|
Play-by-Play
1st period
0:01 of 1st period - Alexander Kerfoot wins face-off versus Sebastian Aho in neutral zone.
0:36 of 1st period - Wrist shot by Pavel Zacha.
0:36 of 1st period - Shot Blocked by Michael Kostka.
0:59 of 1st period - Off-side.
1:00 of 1st period - Daultan Leveillé wins face-off versus Evan Rodrigues in neutral zone.
1:15 of 1st period - Wrist shot by Jesper Fast.
1:15 of 1st period - Deflect By Iven Barbashev.
1:15 of 1st period - Shot Misses the Net.
1:15 of 1st period - Puck is out of play.
1:16 of 1st period - Alexander Kerfoot wins face-off versus Sebastian Aho in Penguins zone.
1:22 of 1st period - Off-side.
1:23 of 1st period - Sebastian Aho wins face-off versus Alexander Kerfoot in neutral zone.
1:44 of 1st period - Snap shot by Pavel Buchnevich.
1:44 of 1st period - Stopped by Alex Nedeljkovic without a rebound.
1:45 of 1st period - Elias Lindholm wins face-off versus Alex DeBrincat in Lightning zone.
1:46 of 1st period - Wrist shot by Pavel Zacha.
1:46 of 1st period - Stopped by Alex Nedeljkovic without a rebound.
1:47 of 1st period - Elias Lindholm wins face-off versus Logan Couture in Lightning zone.
2:53 of 1st period - Snap shot by Jesper Fast.
2:53 of 1st period - Shot Misses the Net.
3:05 of 1st period - Lawson Crouse is hit by Sebastian Aho and loses puck.
3:12 of 1st period - Wrist shot by Lawson Crouse.
3:12 of 1st period - Stopped by Jeremy Swayman with a rebound.
3:14 of 1st period - Wrist shot by Lawson Crouse.
3:14 of 1st period - Stopped by Jeremy Swayman with a rebound.
3:16 of 1st period - Snap shot by Lawson Crouse.
3:16 of 1st period - Stopped by Jeremy Swayman with a rebound.
4:15 of 1st period - Snap shot by Teemu Hartikainen.
4:15 of 1st period - Deflect By Mark Scheifele.
4:15 of 1st period - Shot Blocked by Nick Leddy.
4:15 of 1st period - Puck is out of play.
4:16 of 1st period - Alexander Kerfoot wins face-off versus Pavel Zacha in Penguins zone.
4:27 of 1st period - Slapshot by Mathew Barzal.
4:27 of 1st period - Stopped by Alex Nedeljkovic with a rebound.
5:07 of 1st period - Aaron Ekblad is hit by Shayne Gostisbehere.
5:30 of 1st period - Snap shot by Teemu Hartikainen.
5:30 of 1st period - Shot Misses the Net.
5:43 of 1st period - Off-side.
5:44 of 1st period - Elias Lindholm wins face-off versus Alexander Kerfoot in neutral zone.
6:06 of 1st period - Shayne Gostisbehere is hit by Aaron Ekblad and loses puck.
6:31 of 1st period - Shayne Gostisbehere is hit by Brandon Tanev and loses puck.
6:52 of 1st period - Snap shot by Jonathan Drouin.
6:52 of 1st period - Shot Misses the Net.
6:54 of 1st period - Wrist shot by Rasmus Ristolainen.
6:54 of 1st period - Stopped by Jeremy Swayman with a rebound.
6:56 of 1st period - Backhand shot by Jonathan Drouin.
6:56 of 1st period - Shot Misses the Net.
6:58 of 1st period - Snap shot by Alexander Kerfoot.
6:58 of 1st period - Shot Misses the Net.
7:00 of 1st period - Wrist shot by Lawson Crouse.
7:00 of 1st period - Stopped by Jeremy Swayman without a rebound.
7:01 of 1st period - Sebastian Aho wins face-off versus Logan Couture in Penguins zone.
7:10 of 1st period - Slapshot by Mark Scheifele.
7:10 of 1st period - Deflect By Sebastian Aho.
7:10 of 1st period - Stopped by Alex Nedeljkovic with a rebound.
7:12 of 1st period - Slapshot by Nick Leddy.
7:12 of 1st period - Deflect By Pavel Buchnevich.
7:12 of 1st period - Deflect By Alex DeBrincat.
7:12 of 1st period - Shot Misses the Net.
7:12 of 1st period - Puck is out of play.
7:13 of 1st period - Sebastian Aho wins face-off versus Jack Roslovic in Lightning zone.
7:16 of 1st period - Wrist shot by Pavel Buchnevich.
7:16 of 1st period - Shot Blocked by Rasmus Ristolainen.
7:28 of 1st period - Snap shot by Jack Roslovic.
7:28 of 1st period - Deflect By Mark Scheifele.
7:28 of 1st period - Shot Misses the Net.
7:28 of 1st period - Puck is out of play.
7:29 of 1st period - Elias Lindholm wins face-off versus Nico Hischier in Penguins zone.
8:03 of 1st period - Minor Penalty to Nick Leddy for Holding.
8:04 of 1st period - Alexander Kerfoot wins face-off versus Mark Scheifele in Penguins zone.
8:12 of 1st period - Slapshot by Rasmus Ristolainen.
8:12 of 1st period - Goal by Rasmus Ristolainen - Penguins : 0 - Lightning : 1.
8:13 of 1st period - Logan Couture wins face-off versus Pavel Buchnevich in neutral zone.
8:40 of 1st period - Lawson Crouse is hit by Roope Hintz and loses puck.
9:26 of 1st period - Wrist shot by Jesper Fast.
9:26 of 1st period - Stopped by Jeremy Swayman without a rebound.
9:27 of 1st period - Sebastian Aho wins face-off versus Alexander Kerfoot in Penguins zone.
9:31 of 1st period - Off-side.
9:32 of 1st period - Sebastian Aho wins face-off versus Alexander Kerfoot in neutral zone.
9:39 of 1st period - Wrist shot by Pavel Buchnevich.
9:39 of 1st period - Shot Blocked by Michael Kostka.
10:11 of 1st period - Snap shot by Alexander Kerfoot.
10:11 of 1st period - Stopped by Jeremy Swayman without a rebound.
10:12 of 1st period - Roope Hintz wins face-off versus Logan Couture in Penguins zone.
10:19 of 1st period - Wrist shot by Marcus Foligno.
10:19 of 1st period - Stopped by Alex Nedeljkovic with a rebound.
10:21 of 1st period - Slapshot by Nick Leddy.
10:21 of 1st period - Shot Blocked by Shayne Gostisbehere.
10:23 of 1st period - Snap shot by Oscar Klefbom.
10:23 of 1st period - Deflect By Marcus Foligno.
10:23 of 1st period - Stopped by Alex Nedeljkovic without a rebound.
10:24 of 1st period - Elias Lindholm wins face-off versus Anthony Beauvillier in Lightning zone.
10:27 of 1st period - Backhand shot by Oscar Klefbom.
10:27 of 1st period - Shot Blocked by Anthony Beauvillier.
10:29 of 1st period - Slapshot by Nick Leddy.
10:29 of 1st period - Stopped by Alex Nedeljkovic with a rebound.
10:31 of 1st period - Snap shot by Elias Lindholm.
10:31 of 1st period - Stopped by Alex Nedeljkovic without a rebound.
10:32 of 1st period - Nico Hischier wins face-off versus Elias Lindholm in Lightning zone.
10:34 of 1st period - Minor Penalty to Anthony Beauvillier for Interference.
10:35 of 1st period - Alexander Kerfoot wins face-off versus Sebastian Aho in Lightning zone.
10:35 of 1st period - Alexander Kerfoot is hit by Gavin Bayreuther.
10:42 of 1st period - Slapshot by Rasmus Ristolainen.
10:42 of 1st period - Deflect By Lawson Crouse.
10:42 of 1st period - Stopped by Jeremy Swayman with a rebound.
12:20 of 1st period - Icing by Oscar Klefbom.
12:21 of 1st period - Elias Lindholm wins face-off versus Nico Hischier in Penguins zone.
12:34 of 1st period - Penalty to Anthony Beauvillier is over, Anthony Beauvillier is back on ice.
13:06 of 1st period - Wrist shot by Iven Barbashev.
13:06 of 1st period - Shot Misses the Net.
13:24 of 1st period - Michael Kostka is hit by Pavel Zacha and loses puck.
13:49 of 1st period - Rasmus Ristolainen is hit by Aaron Ekblad and loses puck.
14:10 of 1st period - Slapshot by Jack Roslovic.
14:10 of 1st period - Stopped by Jeremy Swayman without a rebound.
14:11 of 1st period - Sebastian Aho wins face-off versus Logan Couture in Penguins zone.
14:13 of 1st period - Icing by Oscar Klefbom.
14:14 of 1st period - Sebastian Aho wins face-off versus Alexander Kerfoot in Penguins zone.
14:29 of 1st period - Snap shot by Jonathan Drouin.
14:29 of 1st period - Shot Misses the Net.
14:43 of 1st period - Wrist shot by Elias Lindholm.
14:43 of 1st period - Shot Misses the Net.
14:45 of 1st period - Wrist shot by Elias Lindholm.
14:45 of 1st period - Shot Misses the Net.
14:47 of 1st period - Slapshot by Oscar Klefbom.
14:47 of 1st period - Stopped by Alex Nedeljkovic with a rebound.
14:49 of 1st period - Snap shot by Oscar Klefbom.
14:49 of 1st period - Deflect By Elias Lindholm.
14:49 of 1st period - Stopped by Alex Nedeljkovic with a rebound.
14:51 of 1st period - Snap shot by Pavel Zacha.
14:51 of 1st period - Shot Blocked by Shayne Gostisbehere.
14:53 of 1st period - Snap shot by Mathew Barzal.
14:53 of 1st period - Shot Misses the Net.
14:55 of 1st period - Slapshot by Oscar Klefbom.
14:55 of 1st period - Stopped by Alex Nedeljkovic with a rebound.
15:31 of 1st period - Slapshot by Shayne Gostisbehere.
15:31 of 1st period - Shot Blocked by Gavin Bayreuther.
15:33 of 1st period - Snap shot by Daultan Leveillé.
15:33 of 1st period - Stopped by Jeremy Swayman without a rebound.
15:34 of 1st period - Alexander Kerfoot wins face-off versus Sebastian Aho in Penguins zone.
15:45 of 1st period - Snap shot by Pavel Buchnevich.
15:45 of 1st period - Stopped by Alex Nedeljkovic with a rebound.
16:01 of 1st period - Pavel Zacha is hit by Anthony Beauvillier and loses puck.
16:29 of 1st period - Wrist shot by Jack Roslovic.
16:29 of 1st period - Stopped by Jeremy Swayman with a rebound.
16:39 of 1st period - Snap shot by Jack Roslovic.
16:39 of 1st period - Shot Blocked by Nick Leddy.
17:19 of 1st period - Wrist shot by Sebastian Aho.
17:19 of 1st period - Shot Misses the Net.
18:00 of 1st period - Slapshot by Logan Couture.
18:00 of 1st period - Shot Blocked by Tom Wilson.
18:02 of 1st period - Wrist shot by Logan Couture.
18:02 of 1st period - Deflect By Jack Roslovic.
18:02 of 1st period - Stopped by Jeremy Swayman without a rebound.
18:03 of 1st period - Alexander Kerfoot wins face-off versus Sebastian Aho in Penguins zone.
18:07 of 1st period - Minor Penalty to John Marino for Roughing.
18:08 of 1st period - Alexander Kerfoot wins face-off versus Mark Scheifele in Penguins zone.
18:40 of 1st period - Wrist shot by Jack Roslovic.
18:40 of 1st period - Stopped by Jeremy Swayman with a rebound.
19:58 of 1st period - Michael Kostka is hit by Oscar Klefbom.
Goals for this period are 0 for Penguins vs 1 for Lightning.
Shots for this period are 12 for Penguins vs 14 for Lightning.
2nd period
0:01 of 2nd period - Mark Scheifele wins face-off versus Alexander Kerfoot in neutral zone.
0:07 of 2nd period - Penalty to John Marino is over, John Marino is back on ice.
0:08 of 2nd period - Snap shot by Mark Scheifele.
0:08 of 2nd period - Stopped by Alex Nedeljkovic without a rebound.
0:09 of 2nd period - Alexander Kerfoot wins face-off versus Mark Scheifele in Lightning zone.
0:23 of 2nd period - Off-side.
0:24 of 2nd period - Alexander Kerfoot wins face-off versus Pavel Buchnevich in neutral zone.
0:58 of 2nd period - Nico Hischier is hit by Elias Lindholm and loses puck.
1:05 of 2nd period - Snap shot by Pavel Zacha.
1:05 of 2nd period - Shot Blocked by Anthony Beauvillier.
1:36 of 2nd period - Snap shot by Brandon Hagel.
1:36 of 2nd period - Shot Misses the Net.
1:38 of 2nd period - Wrist shot by Anthony Beauvillier.
1:38 of 2nd period - Stopped by Jeremy Swayman with a rebound.
1:40 of 2nd period - Slapshot by Nico Hischier.
1:40 of 2nd period - Shot Misses the Net.
2:24 of 2nd period - Snap shot by Nico Hischier.
2:24 of 2nd period - Shot Blocked by Aaron Ekblad.
2:30 of 2nd period - Snap shot by Nico Hischier.
2:30 of 2nd period - Shot Blocked by Gavin Bayreuther.
2:46 of 2nd period - Snap shot by Tom Wilson.
2:46 of 2nd period - Shot Blocked by Nico Hischier.
2:48 of 2nd period - Wrist shot by Tom Wilson.
2:48 of 2nd period - Deflect By Marcus Foligno.
2:48 of 2nd period - Stopped by Alex Nedeljkovic with a rebound.
2:54 of 2nd period - Slapshot by Roope Hintz.
2:54 of 2nd period - Shot Hit the Post.
3:09 of 2nd period - Snap shot by Roope Hintz.
3:09 of 2nd period - Stopped by Alex Nedeljkovic with a rebound.
3:25 of 2nd period - Snap shot by Marcus Foligno.
3:25 of 2nd period - Shot Blocked by John Carlson.
3:27 of 2nd period - Snap shot by Tom Wilson.
3:27 of 2nd period - Stopped by Alex Nedeljkovic without a rebound.
3:28 of 2nd period - Sebastian Aho wins face-off versus Alexander Kerfoot in Lightning zone.
3:29 of 2nd period - Wrist shot by Pavel Buchnevich.
3:29 of 2nd period - Shot Misses the Net.
3:45 of 2nd period - Backhand shot by Pavel Buchnevich.
3:45 of 2nd period - Shot Hit the Post.
4:37 of 2nd period - Mark Scheifele is hit by Michael Kostka and loses puck.
4:50 of 2nd period - Wrist shot by Jesper Fast.
4:50 of 2nd period - Shot Misses the Net.
5:08 of 2nd period - Slapshot by Jonathan Drouin.
5:08 of 2nd period - Deflect By Alexander Kerfoot.
5:08 of 2nd period - Stopped by Jeremy Swayman with a rebound.
5:10 of 2nd period - Snap shot by Lawson Crouse.
5:10 of 2nd period - Stopped by Jeremy Swayman with a rebound.
6:48 of 2nd period - Mark Scheifele is hit by Jonathan Drouin and loses puck.
8:00 of 2nd period - Jack Roslovic is hit by Pavel Buchnevich and loses puck.
8:21 of 2nd period - Shayne Gostisbehere is hit by Evan Rodrigues and loses puck.
8:42 of 2nd period - Anthony Beauvillier is hit by Sebastian Aho and loses puck.
9:28 of 2nd period - Icing by Ben Hutton.
9:29 of 2nd period - Jonathan Drouin wins face-off versus Roope Hintz in Lightning zone.
11:00 of 2nd period - John Carlson is hit by Brandon Tanev and loses puck.
11:05 of 2nd period - Snap shot by Brandon Tanev.
11:05 of 2nd period - Goal by Brandon Tanev - Penguins : 1 - Lightning : 1.
11:06 of 2nd period - Alexander Kerfoot wins face-off versus Sebastian Aho in neutral zone.
11:33 of 2nd period - Oscar Klefbom is hit by Rasmus Ristolainen and loses puck.
11:54 of 2nd period - Snap shot by Nick Leddy.
11:54 of 2nd period - Shot Blocked by Ben Hutton.
12:22 of 2nd period - Minor Penalty to Keith Aulie for Slashing.
12:23 of 2nd period - Mark Scheifele wins face-off versus Alexander Kerfoot in Penguins zone.
12:38 of 2nd period - Snap shot by Alexander Kerfoot.
12:38 of 2nd period - Stopped by Jeremy Swayman without a rebound.
12:39 of 2nd period - Mark Scheifele wins face-off versus Alexander Kerfoot in Penguins zone.
12:39 of 2nd period - Mark Scheifele is hit by Alexander Kerfoot.
12:50 of 2nd period - Marcus Foligno is hit by Rasmus Ristolainen and loses puck.
13:13 of 2nd period - Slapshot by Jonathan Drouin.
13:13 of 2nd period - Shot Misses the Net.
14:03 of 2nd period - John Marino is hit by Nico Hischier and loses puck.
14:22 of 2nd period - Penalty to Keith Aulie is over, Keith Aulie is back on ice.
15:46 of 2nd period - Snap shot by Jack Roslovic.
15:46 of 2nd period - Stopped by Jeremy Swayman with a rebound.
15:56 of 2nd period - Elias Lindholm is hit by Brandon Hagel and loses puck.
16:37 of 2nd period - Minor Penalty to Marcus Foligno for Roughing.
16:38 of 2nd period - Mark Scheifele wins face-off versus Alexander Kerfoot in Penguins zone.
17:13 of 2nd period - Snap shot by Jack Roslovic.
17:13 of 2nd period - Stopped by Jeremy Swayman with a rebound.
17:41 of 2nd period - Nick Leddy is hit by Nico Hischier and loses puck.
18:06 of 2nd period - Wrist shot by Tom Wilson.
18:06 of 2nd period - Shot Blocked by Jack Roslovic.
18:37 of 2nd period - Penalty to Marcus Foligno is over, Marcus Foligno is back on ice.
18:55 of 2nd period - Snap shot by Teemu Hartikainen.
18:55 of 2nd period - Shot Misses the Net.
19:17 of 2nd period - Slapshot by Pavel Buchnevich.
19:17 of 2nd period - Shot Blocked by Teemu Hartikainen.
Goals for this period are 1 for Penguins vs 0 for Lightning.
Shots for this period are 5 for Penguins vs 6 for Lightning.
3rd period
0:01 of 3rd period - Sebastian Aho wins face-off versus Alexander Kerfoot in neutral zone.
0:08 of 3rd period - Slapshot by Mark Scheifele.
0:08 of 3rd period - Stopped by Alex Nedeljkovic without a rebound.
0:09 of 3rd period - Alexander Kerfoot wins face-off versus Sebastian Aho in Lightning zone.
0:16 of 3rd period - Slapshot by Pavel Buchnevich.
0:16 of 3rd period - Shot Blocked by Lawson Crouse.
0:18 of 3rd period - Wrist shot by Oscar Klefbom.
0:18 of 3rd period - Deflect By Mark Scheifele.
0:18 of 3rd period - Stopped by Alex Nedeljkovic with a rebound.
0:24 of 3rd period - Slapshot by Mark Scheifele.
0:24 of 3rd period - Stopped by Alex Nedeljkovic with a rebound.
0:26 of 3rd period - Wrist shot by Sebastian Aho.
0:26 of 3rd period - Stopped by Alex Nedeljkovic with a rebound.
0:28 of 3rd period - Slapshot by Oscar Klefbom.
0:28 of 3rd period - Deflect By Sebastian Aho.
0:28 of 3rd period - Goal by Sebastian Aho - Penguins : 2 - Lightning : 1.
0:29 of 3rd period - Alexander Kerfoot wins face-off versus Sebastian Aho in neutral zone.
0:45 of 3rd period - Minor Penalty to Alexander Kerfoot for Hooking.
0:46 of 3rd period - Daultan Leveillé wins face-off versus Sebastian Aho in Lightning zone.
0:58 of 3rd period - Slapshot by Sebastian Aho.
0:58 of 3rd period - Goal by Sebastian Aho - Penguins : 3 - Lightning : 1.
0:59 of 3rd period - Alexander Kerfoot wins face-off versus Sebastian Aho in neutral zone.
1:06 of 3rd period - Wrist shot by Lawson Crouse.
1:06 of 3rd period - Shot Misses the Net.
1:23 of 3rd period - Icing by Michael Kostka.
1:24 of 3rd period - Elias Lindholm wins face-off versus Logan Couture in Lightning zone.
1:51 of 3rd period - Lawson Crouse is hit by Gavin Bayreuther and loses puck.
2:28 of 3rd period - Minor Penalty to Roope Hintz for Tripping.
2:29 of 3rd period - Mark Scheifele wins face-off versus Alexander Kerfoot in Penguins zone.
2:40 of 3rd period - Slapshot by Michael Kostka.
2:40 of 3rd period - Stopped by Jeremy Swayman without a rebound.
2:41 of 3rd period - Alexander Kerfoot wins face-off versus Mark Scheifele in Penguins zone.
2:44 of 3rd period - Snap shot by Alexander Kerfoot.
2:44 of 3rd period - Shot Misses the Net.
2:54 of 3rd period - Snap shot by Alexander Kerfoot.
2:54 of 3rd period - Stopped by Jeremy Swayman with a rebound.
2:56 of 3rd period - Slapshot by Michael Kostka.
2:56 of 3rd period - Stopped by Jeremy Swayman with a rebound.
3:40 of 3rd period - Snap shot by Brandon Tanev.
3:40 of 3rd period - Shot Misses the Net.
3:42 of 3rd period - Snap shot by Keith Aulie.
3:42 of 3rd period - Shot Misses the Net.
4:28 of 3rd period - Penalty to Roope Hintz is over, Roope Hintz is back on ice.
4:30 of 3rd period - Iven Barbashev is hit by Nico Hischier and loses puck.
5:03 of 3rd period - Slapshot by Elias Lindholm.
5:03 of 3rd period - Shot Misses the Net.
6:26 of 3rd period - Iven Barbashev is hit by Daultan Leveillé and loses puck.
6:53 of 3rd period - Mark Scheifele is hit by John Carlson and loses puck.
7:33 of 3rd period - John Marino is hit by Rasmus Ristolainen and loses puck.
7:46 of 3rd period - Minor Penalty to Ben Hutton for Tripping.
7:47 of 3rd period - Sebastian Aho wins face-off versus Alexander Kerfoot in Lightning zone.
9:46 of 3rd period - Penalty to Ben Hutton is over, Ben Hutton is back on ice.
9:57 of 3rd period - Wrist shot by Marcus Foligno.
9:57 of 3rd period - Stopped by Alex Nedeljkovic with a rebound.
9:59 of 3rd period - Wrist shot by Nick Leddy.
9:59 of 3rd period - Stopped by Alex Nedeljkovic without a rebound.
10:00 of 3rd period - Logan Couture wins face-off versus Roope Hintz in Lightning zone.
10:06 of 3rd period - Off-side.
10:07 of 3rd period - Roope Hintz wins face-off versus Logan Couture in neutral zone.
10:24 of 3rd period - Slapshot by Rasmus Ristolainen.
10:24 of 3rd period - Shot Blocked by John Marino.
10:56 of 3rd period - Wrist shot by Jesper Fast.
10:56 of 3rd period - Shot Misses the Net.
10:58 of 3rd period - Wrist shot by Jesper Fast.
10:58 of 3rd period - Shot Misses the Net.
11:00 of 3rd period - Snap shot by Jesper Fast.
11:00 of 3rd period - Stopped by Jeremy Swayman without a rebound.
11:01 of 3rd period - Daultan Leveillé wins face-off versus Elias Lindholm in Penguins zone.
11:08 of 3rd period - Snap shot by Jesper Fast.
11:08 of 3rd period - Stopped by Jeremy Swayman with a rebound.
11:33 of 3rd period - Snap shot by Jonathan Drouin.
11:33 of 3rd period - Shot Blocked by Marcus Foligno.
11:35 of 3rd period - Slapshot by John Carlson.
11:35 of 3rd period - Deflect By Alexander Kerfoot.
11:35 of 3rd period - Goal by Alexander Kerfoot - Penguins : 3 - Lightning : 2.
11:36 of 3rd period - Sebastian Aho wins face-off versus Alexander Kerfoot in neutral zone.
11:49 of 3rd period - Slapshot by Rasmus Ristolainen.
11:49 of 3rd period - Shot Blocked by Nick Leddy.
11:51 of 3rd period - Snap shot by Jonathan Drouin.
11:51 of 3rd period - Shot Misses the Net.
12:05 of 3rd period - Slapshot by Jack Roslovic.
12:05 of 3rd period - Deflect By Alex DeBrincat.
12:05 of 3rd period - Shot Misses the Net.
12:05 of 3rd period - Puck is out of play.
12:06 of 3rd period - Logan Couture wins face-off versus Elias Lindholm in Penguins zone.
12:17 of 3rd period - Wrist shot by Alex DeBrincat.
12:17 of 3rd period - Stopped by Jeremy Swayman without a rebound.
12:18 of 3rd period - Sebastian Aho wins face-off versus Jonathan Drouin in Penguins zone.
12:18 of 3rd period - Sebastian Aho is hit by Lawson Crouse.
12:23 of 3rd period - Nick Leddy is hit by Alexander Kerfoot and loses puck.
12:28 of 3rd period - Snap shot by Mark Scheifele.
12:28 of 3rd period - Deflect By Alexander Kerfoot.
12:28 of 3rd period - Stopped by Alex Nedeljkovic with a rebound.
12:30 of 3rd period - Slapshot by Sebastian Aho.
12:30 of 3rd period - Stopped by Alex Nedeljkovic with a rebound.
12:32 of 3rd period - Snap shot by Pavel Buchnevich.
12:32 of 3rd period - Shot Misses the Net.
12:34 of 3rd period - Slapshot by Oscar Klefbom.
12:34 of 3rd period - Stopped by Alex Nedeljkovic with a rebound.
14:08 of 3rd period - John Carlson is hit by Brandon Tanev and loses puck.
14:18 of 3rd period - Off-side.
14:19 of 3rd period - Sebastian Aho wins face-off versus Alexander Kerfoot in neutral zone.
14:21 of 3rd period - Minor Penalty to Mark Scheifele for Interference.
14:22 of 3rd period - Alexander Kerfoot wins face-off versus Elias Lindholm in Penguins zone.
16:21 of 3rd period - Penalty to Mark Scheifele is over, Mark Scheifele is back on ice.
16:49 of 3rd period - Slapshot by Rasmus Ristolainen.
16:49 of 3rd period - Shot Misses the Net.
17:10 of 3rd period - Slapshot by Brandon Hagel.
17:10 of 3rd period - Stopped by Jeremy Swayman with a rebound.
17:31 of 3rd period - Wrist shot by Jesper Fast.
17:31 of 3rd period - Stopped by Jeremy Swayman without a rebound.
17:32 of 3rd period - Alexander Kerfoot wins face-off versus Elias Lindholm in Penguins zone.
18:15 of 3rd period - Keith Aulie is hit by Alex DeBrincat and loses puck.
19:03 of 3rd period - Lightning, Alex Nedeljkovic is pulled from the net.
19:05 of 3rd period - Snap shot by Alexander Kerfoot.
19:05 of 3rd period - Stopped by Jeremy Swayman with a rebound.
19:07 of 3rd period - Snap shot by Lawson Crouse.
19:07 of 3rd period - Shot Misses the Net.
19:09 of 3rd period - Snap shot by John Carlson.
19:09 of 3rd period - Deflect By Oscar Klefbom.
19:09 of 3rd period - Stopped by Jeremy Swayman with a rebound.
19:11 of 3rd period - Slapshot by Shayne Gostisbehere.
19:11 of 3rd period - Shot Blocked by Tom Wilson.
19:13 of 3rd period - Snap shot by Shayne Gostisbehere.
19:13 of 3rd period - Shot Misses the Net.
19:15 of 3rd period - Slapshot by Lawson Crouse.
19:15 of 3rd period - Stopped by Jeremy Swayman with a rebound.
19:17 of 3rd period - Snap shot by Lawson Crouse.
19:17 of 3rd period - Shot Blocked by Oscar Klefbom.
19:55 of 3rd period - Snap shot by Jonathan Drouin.
19:55 of 3rd period - Stopped by Jeremy Swayman without a rebound.
19:56 of 3rd period - Martin St-Louis call a timeout for Lightning.
19:56 of 3rd period - Alexander Kerfoot wins face-off versus Sebastian Aho in Penguins zone.
19:57 of 3rd period - Slapshot by Lawson Crouse.
19:57 of 3rd period - Shot Misses the Net.
19:59 of 3rd period - Snap shot by Rasmus Ristolainen.
19:59 of 3rd period - Shot Misses the Net.
Goals for this period are 2 for Penguins vs 1 for Lightning.
Shots for this period are 11 for Penguins vs 13 for Lightning.